General information
- name: BNet
- type: Ladder team game (AT/RT)
- host: Battle.net
- saver: LOL-COWBOYS-LOL
map: Cherryville
- players: 8
- length: 47:56
- speed: Fast
- version: 1.26 W3XP
- replay type: Public
» download(235 KB)
Players
team 1 (loser)

»
Shaman_Noodles (
yellow | 44 APM | 2104 actions | 47:54)
3 Far Seer
2 Feral Spirit
1 Chain Lighting
3 Mountain King
2 Storm Bolt
1 Bash
» actions
| Assign group hotkey | 27 | |
| Basic commands | 159 | |
| Build / train | 115 | |
| Enter build submenu | 91 | |
| Enter hero's abilities submenu | 5 | |
| Remove unit from queue | 8 | |
| Right click | 770 | |
| Select / deselect | 473 | |
| Select group hotkey | 307 | |
| Use ability | 149 | |
2104 total
» units
| Peon | 9 | |
| Grunt | 10 | |
| Troll Headhunter/Berserker | 1 | |
| Demolisher | 2 | |
| Spell Breaker | 3 | |
| Peasant | 21 | |
| Rifleman | 13 | |
| Sorceress | 2 | |
| Knight | 3 | |
| Siege Engine | 5 | |
69 total
» upgrades
| Armor | 1 | |
| Melee Weapons | 0 | |
| Shaman Training | 1 | |
| Animal War Training | 1 | |
| Barrage | 1 | |
4 total
» buildings
| Barracks | 3 | |
| Altar of Storms | 1 | |
| Orc Burrow | 5 | |
| War Mill | 1 | |
| Watch Tower | 2 | |
| Stronghold | 1 | |
| Spirit Lodge | 1 | |
| Fortress | 1 | |
| Castle | 1 | |
| Tauren Totem | 2 | |
| Lumber Mill | 2 | |
| Scout Tower | 52 | |
| Guard Tower | 21 | |
| Arcane Tower | 3 | |
| Blacksmith | 1 | |
| Farm | 5 | |
| Altar of Kings | 1 | |
| Workshop | 2 | |
| Town Hall | 1 | |
| Cannon Tower | 1 | |
107 total
» build order
00:12 Barracks
00:13 Altar of Storms
00:41 Orc Burrow
02:07 Orc Burrow
02:36 Orc Burrow
04:22 War Mill
07:25 Orc Burrow
07:44 Watch Tower
07:46 Watch Tower
08:14 Stronghold
09:35 Orc Burrow
10:56 Spirit Lodge
10:58 Fortress
14:01 Castle
14:49 Tauren Totem
14:54 Tauren Totem
15:32 Barracks
17:09 Lumber Mill
17:13 Scout Tower
17:14 Scout Tower
17:16 Scout Tower
17:23 Scout Tower
17:25 Scout Tower
17:28 Scout Tower
17:34 Scout Tower
17:37 Scout Tower
17:50 Guard Tower
17:51 Guard Tower
17:57 Scout Tower
18:00 Scout Tower
18:03 Guard Tower
18:33 Guard Tower
18:45 Scout Tower
18:46 Scout Tower
18:48 Scout Tower
18:49 Scout Tower
19:19 Guard Tower
19:22 Scout Tower
19:23 Scout Tower
19:24 Scout Tower
19:26 Scout Tower
19:28 Scout Tower
19:29 Scout Tower
19:41 Guard Tower
19:54 Guard Tower
20:03 Scout Tower
20:04 Scout Tower
20:05 Scout Tower
20:09 Scout Tower
20:12 Scout Tower
20:23 Guard Tower
20:27 Scout Tower
20:35 Scout Tower
20:36 Scout Tower
20:54 Guard Tower
20:55 Guard Tower
21:00 Scout Tower
21:40 Scout Tower
21:43 Scout Tower
21:47 Arcane Tower
22:00 Scout Tower
22:09 Arcane Tower
22:29 Lumber Mill
23:27 Arcane Tower
23:43 Scout Tower
24:00 Scout Tower
24:00 Scout Tower
24:02 Scout Tower
24:02 Scout Tower
24:04 Scout Tower
24:05 Scout Tower
24:07 Blacksmith
24:08 Scout Tower
24:09 Scout Tower
24:11 Scout Tower
24:22 Guard Tower
24:30 Barracks
24:33 Guard Tower
24:38 Guard Tower
24:40 Guard Tower
24:42 Guard Tower
24:48 Scout Tower
24:50 Scout Tower
24:55 Guard Tower
25:01 Scout Tower
25:05 Guard Tower
25:40 Guard Tower
25:43 Scout Tower
25:51 Scout Tower
26:00 Scout Tower
26:11 Farm
26:13 Farm
26:14 Farm
26:17 Farm
26:40 Guard Tower
27:02 Guard Tower
29:00 Altar of Kings
30:20 Workshop
31:52 Farm
33:09 Town Hall
38:09 Scout Tower
38:14 Scout Tower
39:20 Cannon Tower
39:22 Guard Tower
42:31 Scout Tower
42:34 Scout Tower
44:01 Workshop
BsingNloveit2 (
orange | 38 APM | 537 actions | 14:12)
1 Archmage
1 Blizzard
» actions
| Assign group hotkey | 2 | |
| Basic commands | 23 | |
| Build / train | 41 | |
| Enter build submenu | 7 | |
| Enter hero's abilities submenu | 1 | |
| Right click | 346 | |
| Select / deselect | 77 | |
| Use ability | 40 | |
537 total
» units
» buildings
» build order
00:37 Altar of Kings
00:41 Farm
02:19 Farm
02:24 Farm
02:26 Farm
02:41 Farm
02:41 Farm
02:42 Farm
02:43 Farm
02:43 Farm
02:44 Farm
» items
| Scroll of Regeneration | 3 | |
| Lesser Clarity Potion | 6 | |
9 total
mikeree1121 (
green | 31 APM | 379 actions | 12:15)
2 Mountain King
1 Storm Bolt
1 Bash
» actions
| Basic commands | 57 | |
| Build / train | 43 | |
| Enter build submenu | 20 | |
| Enter hero's abilities submenu | 2 | |
| Right click | 118 | |
| Select / deselect | 107 | |
| Use ability | 32 | |
379 total
» units
| Peasant | 15 | |
| Footman | 11 | |
| Priest | 1 | |
| Rifleman | 2 | |
29 total
» upgrades
| Defend | 1 | |
| Plating | 1 | |
| Swords | 1 | |
| Gunpowder | 1 | |
| Armor | 1 | |
| Lumber Harvesting | 1 | |
| Masonry | 1 | |
7 total
» buildings
| Altar of Kings | 1 | |
| Farm | 8 | |
| Barracks | 2 | |
| Arcane Vault | 1 | |
| Lumber Mill | 1 | |
| Blacksmith | 1 | |
| Scout Tower | 2 | |
| Keep | 2 | |
| Guard Tower | 1 | |
| Arcane Sanctum | 1 | |
20 total
» build order
00:06 Altar of Kings
00:25 Farm
00:37 Barracks
00:45 Farm
01:51 Barracks
01:57 Arcane Vault
02:07 Farm
02:19 Lumber Mill
03:04 Blacksmith
03:08 Scout Tower
04:11 Farm
04:44 Scout Tower
06:23 Keep
06:24 Keep
06:25 Guard Tower
06:27 Farm
07:25 Farm
09:10 Arcane Sanctum
10:31 Farm
10:35 Farm
infilightening (
purple | 145 APM | 2043 actions | 14:08)
2 Archmage
1 Summon Water Elemental
1 Brilliance Aura
1 Paladin
1 Holy Light
» actions
| Assign group hotkey | 16 | |
| Build / train | 41 | |
| Enter build submenu | 20 | |
| Enter hero's abilities submenu | 3 | |
| Right click | 1075 | |
| Select / deselect | 549 | |
| Select group hotkey | 299 | |
| Use ability | 40 | |
2043 total
» units
| Peasant | 7 | |
| Footman | 9 | |
| Priest | 2 | |
| Sorceress | 4 | |
| Mortar Team | 5 | |
27 total
» upgrades
| Flare | 1 | |
| Priest Training | 1 | |
| Swords | 1 | |
| Gunpowder | 1 | |
4 total
» buildings
| Altar of Kings | 1 | |
| Farm | 9 | |
| Barracks | 1 | |
| Lumber Mill | 1 | |
| Keep | 1 | |
| Scout Tower | 2 | |
| Arcane Vault | 1 | |
| Guard Tower | 2 | |
| Arcane Sanctum | 1 | |
| Blacksmith | 1 | |
| Workshop | 1 | |
21 total
» build order
00:05 Altar of Kings
00:10 Farm
00:38 Barracks
01:11 Farm
01:20 Lumber Mill
02:50 Keep
03:43 Farm
04:23 Scout Tower
04:38 Arcane Vault
05:02 Scout Tower
05:03 Guard Tower
05:42 Farm
05:49 Arcane Sanctum
06:30 Guard Tower
06:38 Blacksmith
06:41 Farm
08:06 Farm
08:10 Workshop
09:58 Farm
10:01 Farm
10:44 Farm
» items
| Scroll of Regeneration | 1 | |
| Potion of Healing | 1 | |
2 total
team 2 (winner)
psicomind (
red | 69 APM | 3069 actions | 44:29)
5 Far Seer
3 Feral Spirit
2 Chain Lighting
5 Shadow Hunter
3 Healing Wave
2 Serpent Ward
» actions
| Assign group hotkey | 63 | |
| Basic commands | 261 | |
| Build / train | 91 | |
| Enter build submenu | 20 | |
| Enter hero's abilities submenu | 10 | |
| Remove unit from queue | 2 | |
| Right click | 778 | |
| Select / deselect | 842 | |
| Select group hotkey | 883 | |
| Use ability | 119 | |
3069 total
» units
| Peon | 7 | |
| Grunt | 15 | |
| Demolisher | 3 | |
| Kodo Beast | 1 | |
| Raider | 4 | |
| Kobold Geomancer | 1 | |
| Assassin | 8 | |
| Tauren | 2 | |
| Goblin Shredder | 2 | |
| Goblin Sapper | 2 | |
| Wind Rider | 2 | |
47 total
» upgrades
| Pillage | 1 | |
| Armor | 2 | |
| Melee Weapons | 2 | |
| Berserker Strength | 1 | |
| Ensnare | 1 | |
7 total
» buildings
| Altar of Storms | 1 | |
| Orc Burrow | 7 | |
| Barracks | 1 | |
| War Mill | 1 | |
| Voodoo Lounge | 2 | |
| Stronghold | 8 | |
| Watch Tower | 1 | |
| Beastiary | 1 | |
| Great Hall | 3 | |
| Fortress | 1 | |
| Tauren Totem | 1 | |
27 total
» build order
00:23 Altar of Storms
00:39 Orc Burrow
00:52 Barracks
01:52 Orc Burrow
01:56 War Mill
03:34 Voodoo Lounge
03:56 Stronghold
03:56 Stronghold
03:56 Stronghold
03:57 Stronghold
05:00 Orc Burrow
06:44 Orc Burrow
06:53 Voodoo Lounge
07:02 Watch Tower
08:10 Orc Burrow
10:54 Beastiary
11:15 Orc Burrow
16:55 Orc Burrow
20:27 Great Hall
20:29 Fortress
23:04 Tauren Totem
23:25 Great Hall
23:59 Great Hall
» items
| Potion of Healing | 3 | |
| Healing Salve | 4 | |
| Scroll of Town Portal | 2 | |
| Lesser Clarity Potion | 1 | |
| Boots of Speed | 1 | |
| Scroll of Protection | 1 | |
12 total
HeadsTK-TailsBS (
pink | 36 APM | 1738 actions | 47:54)
3 Blood Mage
2 Flame Strike
1 Siphon Mana
» actions
| Assign group hotkey | 21 | |
| Basic commands | 37 | |
| Build / train | 125 | |
| ESC pressed | 3 | |
| Enter build submenu | 31 | |
| Enter hero's abilities submenu | 3 | |
| Remove unit from queue | 2 | |
| Right click | 836 | |
| Select / deselect | 422 | |
| Select group hotkey | 210 | |
| Use ability | 48 | |
1738 total
» units
| Peasant | 14 | |
| Flying Machine | 88 | |
102 total
» upgrades
| Lumber Harvesting | 1 | |
| Gunpowder | 3 | |
| Plating | 3 | |
| Flak Cannons | 1 | |
| Flying Machine Bombs | 1 | |
9 total
» buildings
| Farm | 12 | |
| Lumber Mill | 1 | |
| Scout Tower | 6 | |
| Guard Tower | 6 | |
| Altar of Kings | 1 | |
| Arcane Vault | 1 | |
| Keep | 1 | |
| Blacksmith | 1 | |
| Castle | 1 | |
| Workshop | 4 | |
| Town Hall | 3 | |
37 total
» build order
00:11 Farm
00:15 Lumber Mill
01:30 Scout Tower
01:33 Scout Tower
01:37 Scout Tower
01:59 Guard Tower
02:03 Altar of Kings
02:06 Guard Tower
02:10 Farm
02:22 Guard Tower
02:32 Scout Tower
03:00 Scout Tower
03:04 Guard Tower
03:11 Scout Tower
03:17 Arcane Vault
03:37 Guard Tower
03:40 Guard Tower
04:52 Keep
05:51 Blacksmith
05:57 Farm
06:01 Farm
06:41 Farm
06:44 Farm
07:16 Castle
07:22 Workshop
07:33 Workshop
07:45 Farm
08:11 Workshop
08:26 Workshop
08:31 Farm
09:32 Farm
09:35 Farm
10:12 Farm
10:16 Farm
29:39 Town Hall
36:14 Town Hall
41:32 Town Hall

»
LOL-COWBOYS-LOL (
blue | 58 APM | 2762 actions | 47:56)
4 Pandaren Brewmaster
2 Breath of Fire
2 Drunken Brawler
2 Pit Lord
1 Rain of Fire
1 Cleaving Attack
» actions
| Assign group hotkey | 55 | |
| Basic commands | 418 | |
| Build / train | 74 | |
| Enter build submenu | 20 | |
| Enter hero's abilities submenu | 6 | |
| Give item / drop item | 4 | |
| Remove unit from queue | 4 | |
| Right click | 790 | |
| Select / deselect | 320 | |
| Select group hotkey | 981 | |
| Use ability | 90 | |
2762 total
» units
| Peasant | 19 | |
| Goblin Shredder | 2 | |
| Gryphon Rider | 9 | |
| Goblin Sapper | 8 | |
| Dragonhawk Rider | 1 | |
39 total
» upgrades
» buildings
| Lumber Mill | 1 | |
| Scout Tower | 6 | |
| Altar of Kings | 1 | |
| Guard Tower | 2 | |
| Farm | 10 | |
| Keep | 3 | |
| Town Hall | 3 | |
| Castle | 2 | |
| Gryphon Aviary | 5 | |
| Blacksmith | 2 | |
| Arcane Vault | 1 | |
36 total
» build order
00:50 Lumber Mill
01:53 Scout Tower
01:54 Scout Tower
01:56 Scout Tower
02:17 Altar of Kings
02:23 Guard Tower
02:25 Guard Tower
02:34 Farm
02:52 Scout Tower
02:55 Scout Tower
02:59 Scout Tower
04:13 Farm
04:27 Keep
05:08 Town Hall
06:51 Castle
09:25 Gryphon Aviary
09:46 Gryphon Aviary
09:52 Gryphon Aviary
10:09 Farm
10:09 Farm
10:10 Farm
10:56 Farm
10:56 Farm
10:56 Farm
10:57 Farm
11:00 Blacksmith
12:07 Blacksmith
13:45 Town Hall
15:44 Town Hall
17:30 Farm
27:58 Keep
29:35 Arcane Vault
30:12 Keep
31:28 Castle
» items
| Staff of Teleportation | 2 | |
| Boots of Speed | 1 | |
| Scroll of Town Portal | 6 | |
| Scroll of Healing | 1 | |
| Potion of Lesser Invulnerability | 1 | |
11 total
IceFrosty (
teal | 28 APM | 1045 actions | 37:51)
6 Priestess of the Moon
1 Scout
3 Trueshot Aura
1 Searing Arrows
1 Starfall
3 Naga Sea Witch
1 Frost Arrows
2 Forked Lightning
» actions
| Basic commands | 27 | |
| Build / train | 96 | |
| Enter build submenu | 26 | |
| Enter hero's abilities submenu | 9 | |
| Remove unit from queue | 2 | |
| Right click | 357 | |
| Select / deselect | 443 | |
| Use ability | 85 | |
1045 total
» units
| Wisp | 26 | |
| Archer | 8 | |
| Huntress | 5 | |
| Hippogryph | 17 | |
| Dryad | 3 | |
| Chimaera | 3 | |
62 total
» upgrades
| Ultravision | 1 | |
| Strength of the Moon | 3 | |
| Moon Armor | 3 | |
| Improved Bows | 1 | |
| Hippogryph Taming | 1 | |
| Abolish Magic | 1 | |
| Well Spring | 1 | |
| Corrosive Breath | 1 | |
| Marksmanship | 1 | |
| Upgrade Moon Glaive | 1 | |
| Strength of the Wild | 1 | |
| Reinforced Hides | 1 | |
16 total
» buildings
| Altar of Elders | 1 | |
| Moon Well | 8 | |
| Ancient of War | 2 | |
| Hunter's Hall | 1 | |
| Tree of Ages | 3 | |
| Ancient of Wind | 7 | |
| Ancient of Lore | 1 | |
| Tree of Eternity | 2 | |
| Tree of Life | 4 | |
| Chimaera Roost | 2 | |
31 total
» build order
00:09 Altar of Elders
00:14 Moon Well
00:37 Ancient of War
01:26 Moon Well
02:58 Hunter's Hall
03:31 Moon Well
04:58 Tree of Ages
05:05 Moon Well
05:57 Ancient of War
06:04 Moon Well
07:29 Ancient of Wind
07:46 Ancient of Wind
08:10 Ancient of Lore
09:50 Tree of Eternity
11:36 Moon Well
13:54 Tree of Life
15:05 Chimaera Roost
15:23 Moon Well
18:29 Moon Well
18:51 Tree of Ages
23:03 Tree of Eternity
26:38 Tree of Life
27:48 Tree of Life
28:23 Chimaera Roost
30:10 Ancient of Wind
30:13 Ancient of Wind
30:21 Ancient of Wind
30:26 Ancient of Wind
32:45 Tree of Ages
32:56 Ancient of Wind
33:11 Tree of Life
Chat log
(00:09 / All) LOL-COWBOYS-LOL: jenova #1
(00:23 / All) Shaman_Noodles: =D
(00:36 / Allies) HeadsTK-TailsBS: towering
(00:54 / All) BsingNloveit2: chose a color green purple or yellow
(01:06 / Allies) IceFrosty: blue
(01:13 / All) Shaman_Noodles: hes a tker =D
(01:21 / All) BsingNloveit2: come on choose
(01:22 / All) LOL-COWBOYS-LOL: who lolz
(01:36 / All) IceFrosty: blue
(01:37 / All) Shaman_Noodles: this kid askin bout colors
(01:38 / All) LOL-COWBOYS-LOL: i aint even trying so its like a 3v3
(01:46 / All) Shaman_Noodles: lol
(01:55 / All) Shaman_Noodles: yeah but since hes tking... its like less than 1
(02:02 / All) BsingNloveit2: -2
(02:09 / Allies) psicomind: lol
(02:17 / All) Shaman_Noodles: too bad tkers dont just learn how to play the actual game
(02:26 / All) Shaman_Noodles: lol its years of frustration
(03:14 / Allies) LOL-COWBOYS-LOL: i bet u
(03:17 / Allies) LOL-COWBOYS-LOL: we're towering the tker
(03:22 / All) Shaman_Noodles: LMAO
(03:23 / All) Shaman_Noodles: wow
(03:28 / All) Shaman_Noodles: you just tower rushed the tker
(03:33 / All) LOL-COWBOYS-LOL: lawl
(03:35 / All) LOL-COWBOYS-LOL: i told him
(03:36 / All) Shaman_Noodles: LMFAO
(03:37 / All) BsingNloveit2: HAHAHAHA
(03:37 / All) LOL-COWBOYS-LOL: prob
(03:45 / All) LOL-COWBOYS-LOL: i called it
(03:46 / All) Shaman_Noodles: that is histerical
(04:29 / All) Shaman_Noodles: wow he cant even tk the right way lmao
(04:42 / All) LOL-COWBOYS-LOL: this was a fail tower rush
(04:50 / All) Shaman_Noodles: lmao
(05:25 / All) IceFrosty: lol yellow
(05:37 / All) Shaman_Noodles: whats the point at this point
(05:39 / Allies) HeadsTK-TailsBS: red needs help
(08:41 / All) LOL-COWBOYS-LOL: this game sure is a waste of blizzard's bandwith
(08:52 / All) Shaman_Noodles: it really is...
(09:12 / All) Shaman_Noodles: well if you feel inclined to tk and give me the win, that would be appreciated =D
(09:59 / All) IceFrosty: hello yellow
(10:06 / All) Shaman_Noodles: =D oh haiii
(10:25 / Allies) HeadsTK-TailsBS: need gold plz
(10:30 / All) IceFrosty: ...
(11:29 / All) LOL-COWBOYS-LOL: god dammit green not me
(11:39 / All) IceFrosty: ?
(11:55 / Allies) HeadsTK-TailsBS: more gold and thuis copter mass will be done
(11:59 / All) Shaman_Noodles: green if you dont get outta there im tking you
(14:13 / All) IceFrosty: ...
(14:19 / All) Shaman_Noodles: lol...
(14:19 / All) IceFrosty: ..............
(15:11 / All) LOL-COWBOYS-LOL: wood?
(15:52 / All) LOL-COWBOYS-LOL: little gold
(15:58 / All) IceFrosty: sry
(17:15 / Allies) LOL-COWBOYS-LOL: get siege
(17:16 / Allies) LOL-COWBOYS-LOL: guys
(17:24 / Allies) LOL-COWBOYS-LOL: gold plz red?
(21:28 / Allies) HeadsTK-TailsBS: blue is team killing
(21:32 / All) IceFrosty: yeahhh
(21:37 / All) Shaman_Noodles: lmfao
(21:51 / All) IceFrosty: lol
(25:51 / Allies) HeadsTK-TailsBS: \teal use the chims
(26:14 / All) IceFrosty: yur mean blue
(26:15 / All) IceFrosty: lol
(26:26 / Allies) HeadsTK-TailsBS: teal use chims bottom left\
(26:52 / All) IceFrosty: wich chims
(28:48 / All) HeadsTK-TailsBS: green wins?
(28:52 / All) IceFrosty: non
(28:53 / All) Shaman_Noodles: lmfao
(28:59 / All) IceFrosty: blue is cheating
(29:02 / Allies) psicomind: maybe is a hack
(29:25 / All) LOL-COWBOYS-LOL: had to concentrate lolz
(29:27 / All) LOL-COWBOYS-LOL: cutting it close
(29:29 / All) LOL-COWBOYS-LOL: yes green wins
(29:38 / All) Shaman_Noodles: lmao you are a God at tking
(29:57 / Allies) psicomind: get hippos man
(29:57 / All) IceFrosty: what a team member u are blue
(30:00 / Allies) psicomind: kill blue
(30:29 / Allies) psicomind: hippos
(30:30 / Allies) psicomind: man
(30:31 / Allies) psicomind: full
(30:58 / All) IceFrosty: ...
(31:02 / All) Shaman_Noodles: =D
(31:09 / All) LOL-COWBOYS-LOL: red coming i got him
(31:22 / All) Shaman_Noodles: word
(31:51 / All) LOL-COWBOYS-LOL: can u guys just leave seriously
(31:53 / All) LOL-COWBOYS-LOL: u rwasting time
(32:04 / All) IceFrosty: but ur just a &*?&*
(32:13 / All) IceFrosty: betraying ur own team
(32:16 / All) IceFrosty: so no
(32:21 / All) IceFrosty: ill not leave
(32:27 / All) Shaman_Noodles: hahaha
(32:31 / All) Shaman_Noodles: hes sooooo mad
(32:31 / All) IceFrosty: prefer to waste ur time
(33:03 / Allies) psicomind: hipps
(34:53 / All) Shaman_Noodles: mm mmmmmm bitch
(34:56 / All) HeadsTK-TailsBS: LOLZ
(34:58 / All) LOL-COWBOYS-LOL: lawl
(35:11 / All) HeadsTK-TailsBS: dont let him get too strong blue
(35:14 / All) HeadsTK-TailsBS: he will kill you
(35:21 / All) Shaman_Noodles: will not
(35:31 / All) Shaman_Noodles: we are loyal teammates, see
(35:48 / All) LOL-COWBOYS-LOL: pink is out of gold
(35:49 / All) LOL-COWBOYS-LOL: so is red
(35:58 / All) Shaman_Noodles: word
(36:04 / All) Shaman_Noodles: time to clean this up =)
(36:31 / All) LOL-COWBOYS-LOL: they could have killed me off they were smart about it
(36:40 / All) Shaman_Noodles: lol
(36:48 / All) IceFrosty: your quite disgusting yeah
(36:56 / All) LOL-COWBOYS-LOL: this was a gg right teal, pink, and red?
(37:02 / All) IceFrosty: no
(37:06 / All) Shaman_Noodles: lmfao
(37:08 / All) IceFrosty: youre a bitch
(37:10 / All) Shaman_Noodles: it was pretty close
(37:13 / All) HeadsTK-TailsBS: no i want my icon
(37:17 / All) HeadsTK-TailsBS: icons are so cool
(37:19 / All) IceFrosty: that what it is
(37:25 / All) HeadsTK-TailsBS: and everyone will want me in their clan
(37:28 / All) LOL-COWBOYS-LOL: yellow is oldschool
(37:35 / All) IceFrosty: well bye
(37:38 / All) IceFrosty: cheater
(37:43 / All) LOL-COWBOYS-LOL: i aint a cheater
(37:44 / All) IceFrosty: no gg
(37:49 / All) IceFrosty: yeah
(37:52 / All) LOL-COWBOYS-LOL: how?
(37:53 / All) Shaman_Noodles: dont be mad that we won
(38:36 / All) LOL-COWBOYS-LOL: pink is trying to be sly about it
(38:39 / All) LOL-COWBOYS-LOL: acting like i dont see him
(38:45 / All) Shaman_Noodles: lol
(39:04 / All) Shaman_Noodles: cheers to you, blue. my boy till the end
(39:14 / All) LOL-COWBOYS-LOL: absolutely cheers
(39:31 / All) Shaman_Noodles: D
(40:49 / All) Shaman_Noodles: lmao you do realize that that was pinks peasent?
(41:08 / All) LOL-COWBOYS-LOL: i put his hunt there but forgot about it lolz
(41:16 / All) Shaman_Noodles: ohhhh lmao
(41:51 / All) LOL-COWBOYS-LOL: finish red off then me
(41:57 / All) Shaman_Noodles: word
(42:03 / All) Shaman_Noodles: smokin a bowl to you already
(42:10 / All) LOL-COWBOYS-LOL: a victory bowl
(42:18 / All) Shaman_Noodles: yes, in your name
(42:18 / All) HeadsTK-TailsBS: HAHAHAHHAHAHAHAHAHHA
(42:28 / All) HeadsTK-TailsBS: I WIN
(42:30 / All) HeadsTK-TailsBS: LOOK AT MY NAME
(42:33 / All) HeadsTK-TailsBS: HAHAHAHAHHAHAHAHHA
(42:36 / All) Shaman_Noodles: lol
(42:40 / All) HeadsTK-TailsBS: I AM THE TK OVEERLORD
(42:43 / All) LOL-COWBOYS-LOL: lolz
(42:44 / All) Shaman_Noodles: NOPE
(42:49 / All) Shaman_Noodles: blue is the tk overlordddd
(42:54 / All) Shaman_Noodles: you're just a wannabe nigga
(42:58 / All) LOL-COWBOYS-LOL: i dont know why green was fixated on me
(43:13 / All) Shaman_Noodles: lol i know right
(43:23 / All) Shaman_Noodles: i kept yelling at him to stop
(43:29 / All) Shaman_Noodles: then when teal killed him he left
(43:41 / All) Shaman_Noodles: he didnt want to win, that was his problem
(44:07 / All) LOL-COWBOYS-LOL: i would have been communicating with my allies during this
(44:11 / All) LOL-COWBOYS-LOL: but i had to work hard to pul it off
(44:21 / All) Shaman_Noodles: lol and you did fuckin amazing!
(44:25 / All) Shaman_Noodles: i couldnt believe it
(44:27 / All) HeadsTK-TailsBS: Agreed you did
(44:30 / All) Shaman_Noodles: thought they had me
(44:39 / All) HeadsTK-TailsBS: i should have noticed copter mass getting raped
(44:46 / All) LOL-COWBOYS-LOL: ive done this a lot in close games i know copters suck vs allies air
(44:47 / All) Shaman_Noodles: yeah true
(44:59 / All) Shaman_Noodles: lmfao nice statistic
(45:14 / All) Shaman_Noodles: where to blue?
(45:17 / All) LOL-COWBOYS-LOL: i have no idea how im 2-3 on this acct i know i played ac ouple with u last night i was out of it
(45:21 / All) LOL-COWBOYS-LOL: lost my dh to creeps
(45:34 / All) Shaman_Noodles: lol yeah i was high too, played like shit also
(45:41 / All) LOL-COWBOYS-LOL: oh yea green in that game, godbird,, he was trash talking me
(45:51 / All) LOL-COWBOYS-LOL: farm bot right goblin lab
(45:54 / All) Shaman_Noodles: ohhh yeahhhh
(46:13 / All) Shaman_Noodles: back up your heroes
(46:18 / All) Shaman_Noodles: word
(46:26 / All) Shaman_Noodles: did want to kill them
(46:27 / All) LOL-COWBOYS-LOL: i had to kill some of my air incase i dc'd
(46:32 / All) Shaman_Noodles: lmao
(46:35 / All) Shaman_Noodles: nice
(46:39 / All) LOL-COWBOYS-LOL: i have a really bad internet i dc like every couple games
(46:45 / All) LOL-COWBOYS-LOL: its the sole reason i dont stay on one account
(46:48 / All) Shaman_Noodles: yeah
(46:51 / All) Shaman_Noodles: that sucks
(47:05 / All) Shaman_Noodles: i feel for you man, mine drops me when my brotheres phone is on wifi\
(47:35 / All) HeadsTK-TailsBS: I win the game LOL
(47:35 / All) LOL-COWBOYS-LOL: pink helping us out
(47:37 / All) LOL-COWBOYS-LOL: on last building
(47:40 / Allies) HeadsTK-TailsBS: with last building
(47:43 / All) Shaman_Noodles: lol what a guy
(47:54 / All) Shaman_Noodles: i guess we all 3 win huh